 Dungeon Crawl Stone Soup version 0.26-a0-664-gc8b27b8fc1 (webtiles) character file.

Game seed: 7553522500718822688

35 DogServant the Stinger (level 3, -3/24 HPs)
             Began as a Demonspawn Venom Mage on Oct 13, 2020.
             Slain by a centaur (4 damage)
             ... on level 2 of the Dungeon.
             The game lasted 00:02:18 (1621 turns).

DogServant the Stinger (Demonspawn Venom Mage)      Turns: 1621, Time: 00:02:19

Health: -3/24      AC:  2    Str:  8    XL:     3   Next: 16%
Magic:  2/6        EV: 12    Int: 17    God:
Gold:   109        SH:  0    Dex: 13    Spells: 5/6 levels left

rFire    . . .     SeeInvis .   (no weapon)
rCold    . . .     Faith    .   (no shield)
rNeg     . . .     Spirit   .   a - +0 robe
rPois    .         Reflect  .   (no helmet)
rElec    .         Harm     .   (no cloak)
rCorr    .         Rampage  .   (no gloves)
MR       .....                  (no boots)
Stlth    ++........             (no amulet)
HPRegen  0.08/turn              (no ring)
MPRegen  0.10/turn              (no ring)

@: no status effects
A: demonic guardian 1
a: no special abilities


You were on level 2 of the Dungeon.
You visited 1 branch of the dungeon, and saw 2 of its levels.

You collected 109 gold pieces.

Inventory:

Missiles
 b - 2 javelins (quivered)
Armour
 a - a +0 robe (worn)
Scrolls
 c - a scroll of enchant armour {unknown}
 d - a scroll of enchant weapon {unknown}
 f - a scroll of teleportation {unknown}
 h - a scroll of remove curse {unknown}
 i - a scroll of fog {unknown}
Potions
 e - a potion of heal wounds {unknown}
 g - a potion of lignification {unknown}


   Skills:
 - Level 1.7 Dodging
 - Level 1.7 Stealth
 + Level 2.4 Spellcasting
 + Level 1.6 Transmutations
 + Level 3.6 Poison Magic


You had 5 spell levels left.
You knew the following spells:

 Your Spells              Type           Power        Failure   Level
a - Sting                 Tmut/Pois      ##..         6%          1

Your spell library contained the following spells:

 Spells                   Type           Power        Failure   Level
 Poisonous Vapours        Pois/Air       #.....       13%         2
 Ignite Poison            Fire/Tmut/Pois #.......     26%         3
 Mephitic Cloud           Conj/Pois/Air  #.......     34%         3
 Olgreb's Toxic Radiance  Pois           ##......     38%         4


Dungeon Overview and Level Annotations

Branches:
Dungeon (2/15)

Altars:


Innate Abilities, Weirdness & Mutations

A weak demonic guardian rushes to your aid.


Message History

The centaur is lightly wounded.
The centaur closely misses you. The centaur barely misses you.
Casting: Sting (safe; 6% risk of failure)
Confirm with . or Enter, or press ? or * to list all spells.
Aiming: Sting (safe; 6% risk of failure)
Press: ? - help, Shift-Dir - straight line, f/p - centaur
Aim: a centaur, quivering 17 arrows (lightly wounded, poisoned)
The sting hits the centaur but does no damage.
The centaur looks even sicker.
The centaur is lightly wounded.
The centaur hits you!
Casting: Sting (safe; 6% risk of failure)
Confirm with . or Enter, or press ? or * to list all spells.
Aiming: Sting (safe; 6% risk of failure)
Press: ? - help, Shift-Dir - straight line, f/p - centaur
Aim: a centaur, quivering 17 arrows (moderately wounded, very poisoned)
The sting misses the centaur.
The centaur hits you!
* * * LOW HITPOINT WARNING * * *
The centaur hits you.
You die...

## .....# #.. #. #.# ##
......# #.. . #. #....
##. .##.##.#.# . #.
......#.# . #.
#..?..)##. ## ###....
..# ######### #...c.#
#.# #.......##
.#....@###.# #.##......
#......5.##.###.##.##.##
###................##.#
#...........###.#####.#
#.#####.##### #.# #.# #
#.# #.. ..# ... #### ###
##.. ..


You could see a centaur (very poisoned) and a friendly iron imp (summoned).

Vanquished Creatures
  An ooze (D:2)
  A worm (D:2)
  A dart slug (D:1)
  A ball python (D:2)
  4 bats
  2 giant cockroaches
  A goblin (D:1)
  3 hobgoblins (D:1)
  2 jackals (D:2)
  2 frilled lizards
  5 kobolds (D:1)
  A rat (D:1)
24 creatures vanquished.

Notes
Turn   | Place    | Note
-------+----------+-------------------------------------------
     0 | D:1      | DogServant the Demonspawn Venom Mage began the quest for
                  | the Orb.
     0 | D:1      | Reached XP level 1. HP: 13/13 MP: 3/3
   256 | D:1      | Reached skill level 1 in Transmutations
   647 | D:1      | Gained mutation: A weak demonic guardian rushes to your
                  | aid. [demonic ancestry]
   647 | D:1      | Reached XP level 2. HP: 19/19 MP: 1/5
  1386 | D:2      | Reached XP level 3. HP: 12/24 MP: 0/6
  1609 | D:2      | Noticed a centaur
  1621 | D:2      | HP: 1/24 [centaur (8)]
  1621 | D:2      | Slain by a centaur

Illustrated notes

Levels and vault maps discovered:
D:1:      heliophobic_arrival_enchanted_forest, layout_loops_corners
D:2:      layout_loops_cross, minmay_joined_circles

Skill      XL: |  1 |
---------------+----+-----
Transmutations | 1 |  1.6
Dodging        | |  1.7
Stealth        | |  1.7
Spellcasting   | |  2.4
Poison Magic   | |  3.6

Action                   || total
-------------------------++-------
Melee: Unarmed           ||    26
Throw: Javelin           ||     1
 Cast: Sting             ||    43
 Stab: Sleeping          ||     2
Armor: Robe              ||    10
Dodge: Dodged            ||    31

Table legend: (Time is in decaauts)
 A = Elapsed time spent in this place.
 B = Non-inter-level travel time spent in this place.
 C = Inter-level travel time spent in this place.
 D = Time resting spent in this place.
 E = Time spent auto-exploring this place.
 F = Levels seen in this place.
 G = Mean time per level.
                   A        B        C        D        E       F      G
               +--------+--------+--------+--------+--------+-----+--------+
         Total |   1621 |   1605 |     16 |    159 |   1267 |   2 |  810.5 |
       Dungeon |   1621 |   1605 |     16 |    159 |   1267 |   2 |  810.5 |
               +--------+--------+--------+--------+--------+-----+--------+

Top non-repeatable levels by time:
     D:1: 1264 daAuts
     D:2: 357 daAuts
